Cogmind - Beta 15 @@@ ROGUE MODE // 2025.09.27 @ 07:46:58 Player: beans Result: Destroyed by 7P-6XQ(R) with Subdweller Beam Cannon Performance ------------- Evolutions (0) 0 Regions Visited (3) 600 Robots Destroyed (6) 30 Value Destroyed (82) 82 Prototype IDs (0) 0 Alien Tech Used (0) 0 Bonus (7) 7 TOTAL SCORE: 719 Bonus ------- Follower Combat Kills 7 Cogmind --------- Core Integrity 0/250 Matter 220/300 Energy 100/100 System Corruption 1% Temperature Cool (9) Movement Core (50) Location -10/Subcaves Parts ------- > --- POWER (1) -------- (None) > --- PROPULSION (2) --- (None) > --- UTILITY (2) ------ (None) > --- WEAPON (2) ------- Grenade Launcher > --- INVENTORY (5) ---- Light Ion Engine Spiked Treads Subdweller Beam Cannon Light Assault Rifle Mining Laser Peak State ------------ > --- POWER ------------ Light Ion Engine > --- PROPULSION ------- Light Treads Light Treads > --- UTILITY ---------- (None) > --- WEAPON ----------- Light Assault Rifle > --- INVENTORY -------- (None) [Rating: 4] Favorites ----------- Power Light Ion Engine Engine Light Ion Engine Propulsion Flight Unit Treads Light Treads Flight Unit Flight Unit Utility None Weapon Light Assault Rifle Ballistic Gun Light Assault Rifle Launcher Grenade Launcher Build | -11 -10 -10 -10 ------- Run | Yrd Mat Min Sub Slots Evolved . | . . . . Power . | . . . . Propulsion . | . . . . Utility . | . . . . Weapon . | . . . . Parts Attached 7 | 3 3 . 1 Power 1 | 1 . . . Engine 1 | 1 . . . Core . | . . . . Reactor . | . . . . Propulsion 4 | 2 2 . . Treads 2 | 2 . . . Leg . | . . . . Wheel . | . . . . Hover . | . . . . Flight 2 | . 2 . . Utility . | . . . . Device . | . . . . Storage . | . . . . Processor . | . . . . Hackware . | . . . . Protection . | . . . . Artifact . | . . . . Weapon 2 | . 1 . 1 Energy Gun . | . . . . Energy Cannon . | . . . . Ballistic Gun 1 | . 1 . . Ballistic Cannon . | . . . . Launcher 1 | . . . 1 Special Weapon . | . . . . Impact Weapon . | . . . . Slashing Weapon . | . . . . Piercing Weapon . | . . . . Special Melee Weapon . | . . . . Unidentified Prototypes . | . . . . Parts Lost 2 | . . . 2 Power . | . . . . Propulsion 2 | . . . 2 Utility . | . . . . Weapon . | . . . . Highest Loss Streak 2 | . . . 2 To Critical Strikes . | . . . . Average Backups 1 | . . 1 3 Power . | . . . . Propulsion . | . . . . Utility . | . . . . Weapon . | . . 1 2 Tool/Special . | . . . . Unused Backups 3 | . . . 3 Power . | . . . . Propulsion 1 | . . . 1 Utility . | . . . . Weapon 2 | . . . 2 Tool/Special . | . . . . Average Slot Usage (%) 47 | . 50 57 28 Engine 12 | . 14 14 6 Treads 4 | . 14 . . Flight 18 | . 13 28 10 Ballistic Gun 10 | . 8 14 6 Launcher 1 | . . . 4 Peak Build Rating 4 | 3 4 4 4 Average Rating 3 | 2 3 4 1 On Entrance 2 | . 3 4 4 Naked Turns 29 | . . . 29 Heaviest Build 4 | 3 4 4 4 Greatest Support 40 | 40 40 8 8 Greatest Overweight (x) 1 | . 1 . 1 Average Overweight (x) . | . . . . Largest Inventory Capacity 5 | 5 5 5 5 Average Capacity 5 | 5 5 5 5 Most Carried 5 | 2 2 2 5 Average Carried 1 | . . 1 3 Final Capacity 5 | 5 5 5 5 Final Carried 5 | . . 2 5 Class Distribution -------------------- 100% | Mutant Dominant Class ---------------- Mutant | -10/Materials Mutant | -10/Mines Mutant | -10/Subcaves Resources | -11 -10 -10 -10 ----------- Run | Yrd Mat Min Sub Matter Collected 269 | 212 45 11 1 Remotely . | . . . . Salvage Created 123 | . 77 14 32 Parts 13 | . 11 1 1 Haulers Intercepted 1 | . 1 . . Recyclers Shooed . | . . . . Parts Field Recycled . | . . . . Retrieved Matter . | . . . . Parts Self-Destructed 3 | . . . 3 Prevented . | . . . . Kills | -11 -10 -10 -10 ------- Run | Yrd Mat Min Sub Combat Hostiles Destroyed 5 | . 3 1 1 Melee 1 | . 1 . . Guns 3 | . 2 1 . AOE 1 | . . . 1 Classes Destroyed 3 | . 2 . 1 Hauler 1 | . 1 . . Swarmer 4 | . 3 1 . Subdweller 1 | . . . 1 Best Kill Streak 3 | . 3 1 1 Combat Bots Only 3 | . 3 1 1 Max Kills in Single Turn 1 | . 1 1 1 Gunslinging . | . . . . Exploded 1 | . . . 1 Melee 1 | . 1 . . Uniques/NPCs Destroyed . | . . . . Combat | -11 -10 -10 -10 -------- Run | Yrd Mat Min Sub Hostile Shots Fired 65 | . 32 10 23 Missed 26 | . 8 5 13 Hits 39 | . 24 5 10 Projectile 39 | . 24 5 10 Damage Taken 527 | . 201 42 284 Core 265 | . 56 34 175 Absorbed by Shields . | . . . . Core Remaining (%) 100 | 100 . . . Volleys Fired 30 | . 12 4 14 Largest 1 | . 1 1 1 Hottest 30 | . 20 20 30 Shots Fired 31 | . 12 4 15 Gun 24 | . 12 4 8 Cannon . | . . . . Launcher 7 | . . . 7 Special . | . . . . Kinetic 24 | . 12 4 8 Thermal . | . . . . Explosive 7 | . . . 7 Electromagnetic . | . . . . Robot Hit Streak 11 | . 7 2 11 Robot Miss Streak 2 | . 1 2 . Penetration Max . | . . . . Secondary Targets . | . . . . Shots Hit Robots 22 | . 11 2 9 Core Hits 11 | . 5 1 5 Critical Kills . | . . . . Critical Parts Destroyed . | . . . . Critical Strikes . | . . . . Melee Attacks . | . . . . Impact . | . . . . Slashing . | . . . . Piercing . | . . . . Sneak Attacks . | . . . . Combat Hostiles . | . . . . Follow-up Attacks . | . . . . Damage Inflicted 447 | . 89 15 343 Guns 170 | . 85 15 70 Cannons . | . . . . Explosions 273 | . . . 273 Melee . | . . . . Ramming 4 | . 4 . . Kinetic 170 | . 85 15 70 Thermal . | . . . . Explosive 273 | . . . 273 Electromagnetic . | . . . . Impact . | . . . . Slashing . | . . . . Piercing . | . . . . Highest Corruption 1 | . 1 1 1 Average Corruption 1 | . 1 1 1 Corruption Purged . | . . . . Corruption Blocked . | . . . . Effects 4 | . . 3 1 Matter Fused 1 | . . 1 . Energy Discharges 2 | . . 2 . Misfires 1 | . . . 1 Overload Shots . | . . . . Overflow Damage . | . . . . Projectiles . | . . . . Explosions . | . . . . Melee . | . . . . Knockbacks . | . . . . Impact . | . . . . Kinetic . | . . . . Secondary . | . . . . Self-Inflicted Damage 12 | . . . 12 Shots 2 | . . . 2 Rammed 5 | . 5 . . Targets Rammed 6 | . 6 . . Kicked . | . . . . Crushed 1 | . 1 . . Highest Temperature 4 | . 4 4 . Average Temperature 2 | . 2 2 . Received Heat Transfer 72 | . . . 72 Siege Activations . | . . . . Martial Activations . | . . . . Shielding Activations . | . . . . Robots Disrupted . | . . . . Combat Hostiles . | . . . . Robots Corrupted . | . . . . Combat Hostiles . | . . . . Parts Fried . | . . . . Impact Corruptions . | . . . . Robots Melted . | . . . . Combat Hostiles . | . . . . Parts Melted . | . . . . Heat Transferred . | . . . . Parts Sabotaged . | . . . . Parts Stolen . | . . . . Parts Stripped . | . . . . Power Chain Reactions . | . . . . Alert | -11 -10 -10 -10 ------- Run | Yrd Mat Min Sub Maximum Alert Level . | . . . . Low Security (%) 100 | 100 100 100 . Level 1 . | . . . . Level 2 . | . . . . Level 3 . | . . . . Level 4 . | . . . . Level 5 . | . . . . High Security . | . . . . Max Security . | . . . . Peak Influence 70 | . 70 52 . Initial 10 | . . 10 . Average 16 | . 29 11 . Influence Increases 119 | . 77 42 . Destroy 0b10 Robot/C 100 | . 60 40 . Destroy 0b10 Robot/NC 5 | . 5 . . Destroy Leader 12 | . 12 . . Allied During Kill 2 | . . 2 . Influence Decreases 119 | . 50 69 . Entered New Map 17 | . . 17 . Time Decay 102 | . 50 52 . Squads Dispatched 1 | . 1 . . Investigation . | . . . . Extermination . | . . . . Reinforcement 1 | . 1 . . Assault . | . . . . Garrison . | . . . . Intercept . | . . . . Searches Triggered . | . . . . Construction Impeded . | . . . . Haulers Reinforced . | . . . . Active Scanning Responses . | . . . . Cargo Convoy Interrupts . | . . . . Stealth | -11 -10 -10 -10 --------- Run | Yrd Mat Min Sub Distress Signals 1 | . 1 . . Communications Jammed . | . . . . Distress Signals . | . . . . Times Spotted 18 | . 7 3 8 Peak Tracking Total 6 | . 4 3 6 Tactical Retreats 1 | . . . 1 Traps | -11 -10 -10 -10 ------- Run | Yrd Mat Min Sub Traps Triggered 1 | . 1 . . Indirectly . | . . . . Trap Hack Attempts . | . . . . Triggered . | . . . . Disarmed . | . . . . Reprogrammed . | . . . . Reused . | . . . . Traps Extracted . | . . . . Installed . | . . . . Triggered . | . . . . Machines | -11 -10 -10 -10 ---------- Run | Yrd Mat Min Sub Machines Disabled . | . . . . Max in Single Turn . | . . . . Machines Repaired . | . . . . Machines Dismantled . | . . . . Machines Sabotaged . | . . . . Overloaded Fab Kills . | . . . . Hacking | -11 -10 -10 -10 --------- Run | Yrd Mat Min Sub Machines Accessed 1 | . . 1 . Terminals 1 | . . 1 . Fabricators . | . . . . Repair Stations . | . . . . Recycling Units . | . . . . Scanalyzers . | . . . . Garrison Access . | . . . . Total Hacks 2 | . . 2 . Successful 2 | . . 2 . Failed . | . . . . Catastrophic . | . . . . Database Lockouts . | . . . . Manual . | . . . . Terminals 2 | . . 2 . Fabricators . | . . . . Repair Stations . | . . . . Recycling Units . | . . . . Scanalyzers . | . . . . Garrison Access . | . . . . Terminal Hacks 2 | . . 2 . Record 2 | . . 2 . Fabricator Hacks . | . . . . Repair Station Hacks . | . . . . Recycling Unit Hacks . | . . . . Scanalyzer . | . . . . Garrison Access Hacks . | . . . . Unauthorized Hacks . | . . . . Terminals . | . . . . Fabricators . | . . . . Repair Stations . | . . . . Recycling Units . | . . . . Scanalyzers . | . . . . Garrison Access . | . . . . Data Cores Recovered . | . . . . Used . | . . . . Hacking Detections 1 | . . 1 . Full Trace Events . | . . . . Feedback Events . | . . . . Feedback Blocked . | . . . . Robot Schematics Acquired . | . . . . Robots Built . | . . . . Authchips . | . . . . Time . | . . . . Total Robot Build Rating . | . . . . Part Schematics Acquired . | . . . . Parts Built . | . . . . Authchips . | . . . . Time . | . . . . Total Part Build Rating . | . . . . Parts Repaired . | . . . . Time . | . . . . Parts Recycled . | . . . . Recycled Matter . | . . . . Retrieved Matter . | . . . . Retrieved Components . | . . . . Parts Scanalyzed . | . . . . Part Schematics Acquired . | . . . . Parts Damaged . | . . . . Bothacking | -11 -10 -10 -10 ------------ Run | Yrd Mat Min Sub Used RIF Installer . | . . . . Robots Hacked . | . . . . Non-combat . | . . . . Combat . | . . . . Robot Hacks Applied . | . . . . Relay Couplers Released . | . . . . Fabnet Peak Effective % . | . . . . Robots Rewired . | . . . . Allies Hacked . | . . . . Hacks Repelled . | . . . . Allies | -11 -10 -10 -10 -------- Run | Yrd Mat Min Sub Total Allies 1 | . . 1 . Largest Group 1 | . . 1 1 Highest-Rated Group 31 | . . 31 31 Highest-Rated Ally 31 | . . 31 31 Total Orders . | . . . . Ally Attacks 7 | . . 3 4 Total Damage 108 | . . 43 65 Kills 1 | . . 1 . Allies Corrupted . | . . . . Allies Melted . | . . . . Intel | -11 -10 -10 -10 ------- Run | Yrd Mat Min Sub Active Infowar (turns) . | . . . . Robot Analysis Total . | . . . . Derelict Logs Recovered 1 | . . 1 . Drone Launches . | . . . . Drone Recoveries . | . . . . Exploration | -11 -10 -10 -10 ------------- Run | Yrd Mat Min Sub Turns Passed 614 | 62 169 237 146 Spaces Moved 775 | 44 229 289 213 Core 135 | 12 2 . 121 Treads 68 | 32 36 . . Legs . | . . . . Wheels . | . . . . Hover . | . . . . Flight 572 | . 191 289 92 Fastest Speed 37 | 50 37 37 37 Average Speed 50 | 130 56 37 45 Slowest Speed 160 | 160 160 37 100 Overloaded Moves . | . . . . Propulsion Burnouts . | . . . . Robots Hopped 3 | . 3 . . Potential Cave-ins . | . . . . Cave-ins Triggered . | . . . . Exploration Rate (%) 28 | 4 43 48 19 Regions Visited 3 Branch Regions 2 Pre-discovered Areas . | . . . . Known Exits Taken 1 | . . 1 . Unknown Exits Taken 2 | 1 1 . . Scrap Searched 2 | . . 2 . Spaces Dug . | . . . . Terrain Destroyed 32 | . . . 32 Melee . | . . . . Projectile . | . . . . AOE 32 | . . . 32 Terrain Rammed . | . . . . Walls Destroyed . | . . . . Machines Disabled . | . . . . Actions | -11 -10 -10 -10 --------- Run | Yrd Mat Min Sub Total 967 | 49 251 415 252 Wait 141 | . . 121 20 Move 766 | 43 222 288 213 Hop 3 | . 3 . . Pick Up 10 | 3 3 2 2 Fast Attach . | . . . . Attach 7 | 3 3 . 1 Detach 2 | . . . 2 Swap . | . . . . Drop 2 | . 2 . . Fire 30 | . 12 4 14 Melee . | . . . . Ram . | . . . . Kick . | . . . . Crush 6 | . 6 . . Escape Stasis . | . . . . Rewire . | . . . . Trap . | . . . . Miscellaneous . | . . . . Route ------- -11/Scrapyard -10/Materials (discovered 2 exits: [*Mat] / *Min) -10/Mines -10/Subcaves (discovered 1 exit: [*Mat]) History --------- Turn | Location | Event 4 | -11/Scrapyard | Discovered new exit (range 14) 63 | -11/Scrapyard | Entered Materials 156 | -10/Materials | Discovered new exit (range 16) 226 | -10/Materials | Discovered new exit (range 14) 232 | -10/Materials | Entered Mines 238 | -10/Mines | Received a Mining Laser from a helpful Derelict 304 | -10/Mines | Build established: Mutant 415 | -10/Mines | YI-UF0 nonchalantly dropped a Grenade Launcher on the ground 432 | -10/Mines | Identified exit to Subcaves 469 | -10/Mines | Entered Subcaves 469 | -10/Subcaves | Accompanied by 1 ally 471 | -10/Subcaves | Discovered new exit (range 9) 522 | -10/Subcaves | Core integrity fell below 50% 532 | -10/Subcaves | Core integrity fell below 20% 559 | -10/Subcaves | Shifting Twisted Machinery released Spk. Treads 560 | -10/Subcaves | Shifting Twisted Machinery released Sub. Beam Cannon 615 | -10/Subcaves | Destroyed by 7P-6XQ(R) with Subdweller Beam Cannon Last Messages --------------- 00500_ 3H-WLB(g): "You look like you can take it from here!" 00500_ 3H-WLB(g) slips back into the shadows. 00510_ Flight Unit destroyed. 00532_ System corrupted: FCS attempts to trigger Lgt. Assault Rifle. 00532_ System corrupted: Lgt. Assault Rifle misfires. 00552_ X8-5IB(O) collects matter. 00558_ Acquired 1 matter. Spk. Treads falls loose from the Twisted Machinery. Sub. Beam Cannon falls loose from the Twisted Machinery. 00570_ Acquired Spk. Treads. 00576_ X8-5IB(O) collects matter. 00577_ The unstable cave ceiling collapses. 00587_ Acquired Sub. Beam Cannon. 00615_ The unstable cave ceiling collapses. 00615_ CD-772(R) destroyed. Map ----- +----------------------------------------------------+ | ????????????????????????????????????????????? | | ????????????????????????????????????????????? | | ????????????????????????????????????????????? | | ????????????????????????????????????????????? | | ????????????????????????????????????????????? | | ????????????????????????????????????????????? | | ????????????????????????????????????????????? | | ????????????????????????????????????????????? | | ????????????????????????????????????????????? | | ????????????????????????????????????????????? | | ????????????????????????????????????????????? | | ????????????????????????????????????????????? | | ????????????????????????????????????????????? | | ????????????????????????????????????????????? | | ????????????????????????????????????????????? | | ????????????????????????????????????????????? | | ????????????????????????????????????????????? | | ????????????????????????????????????????????? | | ??????????????? ??????###??????????????????? | | ???????????????# ??#### #??????????????????? | | ???????????????# ## #??????????????????? | | ??????????????#"""""" #??????????????????? | | ???????????????#" !" #??????????????????? | | ???????????########## ##?????????????????? | | ???????????#"""#???## ##????????????????? | | ???????????" #### @ #????????????????? | | ????????????"""" " #????????????????? | | ?????????###?### O R #????????????????? | | ##??????## ### " &%!"" #????????????????? | | "##???### # " & #????????????????? | | #####"# "R #????????????????? | | R #????????????????? | | ##????????????????? | | # ## ## ####?????????????????? | | ###### " ######????????????????????? | | " % #????### #?????????????????????????? | | " #??????# ##?????????????????????????? | | ?????# ?????????????????????????? | | ??? ???????????????????????? | | ## ? ### ??????????????????????? | | #?#### ######??##### ?????????????????????? | | ??????##???????????? ?????????????????????? | | ????????????????????? %?????????????????????? | | ??????????????????????% ????????????????????? | | ????????????????????????????????????????????? | | ????????????????????????????????????????????? | | ????????????????????????????????????????????? | | ????????????????????????????????????????????? | | ????????????????????????????????????????????? | | ????????????????????????????????????????????? | +----------------------------------------------------+ Best States ------------- Heat Dissipation 25 Energy Generation 10 Energy Capacity 125 Matter Stores 300 Matter Capacity 300 Sight Range 16 Terrain Scan Density 10 Evasion (%) 62 Recoil Reduction 2 Item Schematics ----------------- None Robot Schematics ------------------ None Fabricated ------------ Nothing Repaired ---------- Nothing Alien Tech Used ----------------- None Achievements -------------- None Challenges ------------ None Game ------ Seed RainbowCryofiberProjector Manual? 0 Play Time 00:06:49 Cumulative 160.6 hours Start 2025.09.27 @ 07:41:48 End 2025.09.27 @ 07:46:58 Sessions 1 Manual Loads 0 Difficulty Rogue Special Mode None Game No. 519 Rogue 518 Adventurer 1 Explorer 0 Win Type - Total 0 Types 0/0/0/0/0/0/0/0/0/0 Lore% 57 Gallery% 54 Achievement% 43 Wizard Run 0 Options --------- Layout 1 ASCII 0 Keyboard 0 Movement Mouse Keybinds 0 Fullscreen 2 Font 24/Smallcaps Map View 50x35 Zoom Use 0% Tactical HUD 1 Map Filters NONE Filters NONE Steam 1 RUN: 3eb71311-ebbe-4d17-8167-1c86454a9ea6